 Dungeon Crawl Stone Soup version 0.25-a0-578-gc91f01c39c (webtiles) character file.

Game seed: 620460105593294377, levelgen mode: deterministic

743 Flugslaktarn the Chopper (level 7, -2/64 HPs)
             Began as a Deep Dwarf Fighter on Mar 7, 2020.
             Slain by a gnoll (9 damage)
             ... on level 6 of the Dungeon.
             The game lasted 00:01:23 (1632 turns).

Flugslaktarn the Chopper (Deep Dwarf Fighter)       Turns: 1632, Time: 00:01:23

Health: -2/64      AC:  8    Str: 21    XL:     7   Next: 47%
Magic:  3/3        EV:  7    Int:  9    God:
Gold:   218        SH: 10    Dex: 12    Spells: 6/6 levels left

rFire    . . .     SeeInvis .   a - +0 war axe
rCold    . . .     Gourm    .   c - +0 kite shield
rNeg     . . .     Faith    .   b - +0 scale mail
rPois    .         Spirit   .   (no helmet)
rElec    .         Reflect  .   (no cloak)
rCorr    .         Harm     .   n - +0 pair of gloves
MR       +....                  (no boots)
Stlth    ..........             (no amulet)
HPRegen  0.00/turn              (no ring)
MPRegen  0.08/turn              (no ring)

@: non-regenerating
A: damage resistance, heal wounds, sense surroundings 1, no regeneration
a: Heal Wounds


You were on level 6 of the Dungeon.
You were not hungry.

You visited 1 branch of the dungeon, and saw 6 of its levels.

You collected 218 gold pieces.

Inventory:

Hand Weapons
 a - a +0 war axe (weapon)
Armour
 b - a +0 scale mail (worn)
 c - a +0 kite shield (worn)
 n - a +0 pair of gloves (worn)
   (You found it on level 1 of the Dungeon)
Jewellery
 k - a +2 ring of evasion {unknown}
   (You found it on level 1 of the Dungeon)
Scrolls
 g - 4 scrolls of remove curse {unknown}
 h - a scroll of blinking {unknown}
 m - 6 scrolls of identify {unknown}
 q - 2 scrolls of teleportation {unknown}
 r - a scroll of magic mapping {unknown}
 s - a scroll of enchant weapon {unknown}
 t - a scroll of amnesia {unknown}
Potions
 d - 2 potions of might
 i - 2 potions of heal wounds {unknown}
 j - a potion of stabbing {unknown}
 l - a potion of berserk rage
 o - 2 potions of curing {unknown}
 p - 2 potions of degeneration {unknown}
Comestibles
 e - 9 rations
 f - 2 chunks of flesh


   Skills:
 + Level 4.3 Fighting
 * Level 6.1 Axes
 + Level 5.1 Armour
 + Level 5.2 Shields


You had 6 spell levels left.
You didn't know any spells.
Your spell library was empty.

Dungeon Overview and Level Annotations

Branches:
Dungeon (6/15)
 Temple: D:4-7

Altars:
Fedhas
Uskayaw

Shops:
D:4 ?


Innate Abilities, Weirdness & Mutations

You are resistant to damage.
You can heal yourself by infusing magical energy.
You passively map a small area around you.
You do not regenerate.


Message History

The orc wizard flickers and vanishes!
Deactivating autopickup; reactivate with Ctrl-A.
A gnoll comes into view. It is wielding a +0 halberd.
You miss something. You hit the gnoll but do no damage. The gnoll hits you.
You hear some strange, mumbled words.
A puff of flame appears from out of thin air!
The puff of flame hits you!
* * * LOW HITPOINT WARNING * * *
The gnoll hits you. Something hits you but does no damage.
You fail to use your ability.
You hear the slow rusting of a very distant drain.
You block the gnoll's attack. The gnoll hits you.
You hear some strange, mumbled words.
A magic dart appears from out of thin air!
The magic dart hits you.
* * * LOW HITPOINT WARNING * * *
You are too injured to fight recklessly!
The gnoll rages.
You fail to use your ability.
The gnoll barely misses you. The gnoll hits you!
You die...

* * * ' * ..#
, ...# + , ,
...# ,, , , *
, *...+,, ,
###### #..# ,
* #..... #..#
* ,
##..>.{##..# ,
, ....g.gg@..#
,,
#########..#,,
* * , ,, ##..#
, * , #..<#, *
,, ,, ##..# *
, * * + #+##
,, , , , , , ,
, , *,, ,


You could see 3 gnolls.

Vanquished Creatures
  An ogre (D:5)
  A sky beast (D:5)
  A centaur (D:5)
  A scorpion (D:5)
  2 hounds (D:5)
  A bullfrog skeleton (D:5)
  A jelly (D:5)
  An orc priest (D:5)
  A centaur skeleton (D:5)
  4 orc wizards
  5 adders
  4 gnolls (D:5)
  An ooze (D:1)
  2 worms
  3 leopard geckos
  13 orcs
  A ball python (D:5)
  3 bats
  4 giant cockroaches
  2 jackals (D:5)
  2 frilled lizards
  A giant cockroach zombie (D:5)
  2 rats (D:1)
57 creatures vanquished.

Vanquished Creatures (others)
  An orc wizard (D:6)
1 creature vanquished.

Grand Total: 58 creatures vanquished

Notes
Turn   | Place    | Note
-------+----------+-------------------------------------------
     0 | D:1      | Flugslaktarn the Deep Dwarf Fighter began the quest for the
                  | Orb.
     0 | D:1      | Reached XP level 1. HP: 20/20 MP: 1/1
   172 | D:1      | Reached XP level 2. HP: 27/27 MP: 2/2
   464 | D:3      | Reached skill level 3 in Axes
   464 | D:3      | Reached XP level 3. HP: 34/34 MP: 3/3
   504 | D:4      | Reached XP level 4. HP: 27/42 MP: 4/4
   515 | D:4      | Found Moenieno's Magic Scroll Emporium.
   612 | D:4      | Found a blossoming altar of Fedhas.
  1056 | D:5      | Entered Level 5 of the Dungeon
  1069 | D:5      | Reached skill level 4 in Axes
  1073 | D:5      | Reached XP level 5. HP: 25/49 MP: 4/4
  1129 | D:5      | Noticed a sky beast
  1160 | D:5      | Killed a sky beast
  1166 | D:5      | Found a hide-covered altar of Uskayaw.
  1173 | D:5      | Reached XP level 6. HP: 18/56 MP: 4/4
  1201 | D:5      | Reached skill level 5 in Axes
  1356 | D:5      | Reached XP level 7. HP: 52/64 MP: 4/4
  1359 | D:5      | Reached skill level 5 in Armour
  1359 | D:5      | Reached skill level 5 in Shields
  1379 | D:5      | Reached skill level 6 in Axes
  1632 | D:6      | Slain by a gnoll

Levels and vault maps discovered:
D:1:      mrwooster_arrival_statue_2, layout_rooms, minivault_4
D:2:      layout_loops_cross, overflow_temple_1_default, minmay_pentomino_u4
D:3:      layout_basic, xom_teletrap_fun
D:4:      layout_gridville, first_ration, serial_shops, shop_fountains,
          fedhas_altar_3
D:5:      layout_cave_pools, serial_glass, glass_columns_b, glass_columns_c,
          due_unseen_surprise, feat_on_display, kennysheep_flooded_box
D:6:      layout_gridville, cheibrodos_sewer_entry_bend, uniq_edmund

Skill      XL: |  1  2  3  4  5  6  7 |
---------------+----------------------+-----
Fighting       | 3 4 |  4.3
Axes           | 3 4 5 6 |  6.1
Armour         | 4 5 |  5.1
Shields        | 4 5 |  5.2

Action                   |  1- 3 |  4- 6 |  7- 9 || total
-------------------------+-------+-------+-------++-------
Melee: War axe           |    63 |   128 |    65 ||   256
 Abil: Heal Wounds       |     1 |     7 |     2 ||    10
  Eat: Chunk             |       |     2 |     1 ||     3
Armor: Scale mail        |    32 |    59 |    21 ||   112
Dodge: Dodged            |    23 |    48 |    11 ||    82
Block: Kite shield       |    45 |    75 |    21 ||   141

Table legend:
 A = Non-vault XP
 B = Vault XP
 C = Vault XP percentage of total XP
 D = Non-vault monster count
 E = Vault monster count
 F = Vault count percentage of total count
                 A         B        C        D         E       F
            +---------+---------+-------+---------+---------+-------
      Total |    1062 |       0 |   0.0 |      58 |       0 |   0.0
            +---------+---------+-------+---------+---------+-------
        D:1 |      14 |       0 |   0.0 |       6 |       0 |   0.0
        D:2 |      23 |       0 |   0.0 |       4 |       0 |   0.0
        D:3 |      15 |       0 |   0.0 |       2 |       0 |   0.0
        D:4 |      92 |       0 |   0.0 |      13 |       0 |   0.0
        D:5 |     862 |       0 |   0.0 |      30 |       0 |   0.0
        D:6 |      56 |       0 |   0.0 |       3 |       0 |   0.0
            +---------+---------+-------+---------+---------+-------
